 Dungeon Crawl Stone Soup version 0.32-a0-933-ga8fa3634e4 (webtiles) character file.

Game seed: 4279452743693619285

109 bronco the Charlatan (level 4, -5/23 HPs)
             Began as a Spriggan Artificer on Apr 15, 2024.
             Slain by a gnoll
             ... wielding a +0 flail
             ... led by a gnoll bouda
              (11 damage)
             ... on level 3 of the Dungeon.
             The game lasted 00:07:01 (2067 turns).

bronco the Charlatan (Spriggan Artificer)           Turns: 2067, Time: 00:07:02

Health: -5/23      AC:  2    Str:  8    XL:     4   Next: 60%
Magic:  5/5        EV: 17    Int: 12    God:
Gold:   161        SH:  0    Dex: 17    Spells: 3/3 levels left

rFire   . . .        a - +0 sling
rCold   . . .        (no shield)
rNeg    . . .        n - +0 robe
rPois   .            (helmet restricted)
rElec   .            (no cloak)
rCorr   .            (gloves unavailable)
SInv    +            (boots unavailable)
Will    .....        (no amulet)
Stlth   +++          (no ring)
HPRegen 0.23/turn    (no ring)
MPRegen 0.09/turn

%: no passive effects
@: very quick
A: very small, no large weapons, unfitting armour, see invisible, speed 3
a: no special abilities


You were on level 3 of the Dungeon.
You visited 1 branch of the dungeon, and saw 3 of its levels.

You collected 161 gold pieces.

Inventory:

Hand Weapons
 a - a +0 sling (weapon)
 b - a +0 short sword
 k - a +0 whip
 o - a +0 dagger
 w - a +0 club
Missiles
 l - 29 stones
Armour
 n - a +0 robe (worn)
Jewellery
 h - an amulet of the acrobat
Wands
 c - a wand of flame (2) (quivered)
 d - a wand of charming (15)
 e - a wand of iceblast (5)
Scrolls
 p - a scroll of vulnerability {unknown}
 q - a scroll of blinking {unknown}
Potions
 f - a potion of attraction
 g - a potion of degeneration
 i - 4 potions of curing {unknown}
 j - a potion of mutation {unknown}
 m - 2 potions of might {unknown}


   Skills:
 + Level 1.6 Fighting
 - Level 2.8 Ranged Weapons
 - Level 3.7 Dodging
 - Level 3.5 Stealth
 - Level 4.0 Evocations


You had 3 spell levels left.
You didn't know any spells.
Your spell library contained the following spells:

 Spells                   Type           Power      Damage    Failure   Level
 Scorch                   Fire           0%         2d5       45%         2
 Flame Wave               Conj/Fire      0%         2d4       97%         4
 Summon Cactus Giant      Summ           0%         N/A       100%        6


Dungeon Overview and Level Annotations

Branches:
Dungeon (3/15)

Altars:
Uskayaw

Shops:
D:2 (!*[


Innate Abilities, Weirdness & Mutations

You are very small and have problems with some larger weapons.
You are too small for most types of armour.
You have supernaturally acute eyesight. (SInv)
You cover ground extremely quickly. (Speed+++)


Message History

Things that are here:
a +0 dagger; a goblin corpse A bat comes into view.
Found 9 gold pieces.
There are monsters nearby!
There are monsters nearby!
Found 3 stones.
The bat attacks as it pursues you! The bat closely misses you.
The bat attacks as it pursues you! The bat misses you.
The bat barely misses you.
You shoot a sling bullet.
The sling bullet closely misses the bat.
The bat misses you.
You shoot a sling bullet.
The sling bullet closely misses the bat.
The sling bullet hits the gnoll but does no damage.
The bat barely misses you.
You shoot a sling bullet. The sling bullet hits the bat.
You kill the bat!
You shoot a sling bullet. The sling bullet hits the gnoll.
The gnoll is moderately wounded.
You shoot a sling bullet.
The sling bullet barely misses the gnoll.
The gnoll hits you with a +0 flail.
You shoot a sling bullet. The sling bullet hits the gnoll.
The gnoll is severely wounded.
The gnoll closely misses you.
You shoot a sling bullet. The sling bullet hits the gnoll.
The gnoll is almost dead.
The gnoll barely misses you. The gnoll hits you with a +0 flail!
Ouch! That really hurt!
* * * LOW HITPOINT WARNING * * *
You are too injured to fight recklessly!
You are too injured to fight recklessly!
Aiming: Throw Flame
Press: ? - help, Q - select action, (/) - cycle Shift-Dir - straight line, f/p - gnoll
Aim: a gnoll, wielding a +0 flail (almost dead, 75% to hit)
The puff of flame misses the gnoll.
The gnoll hits you with a +0 flail!
You die...

#.#.......##.##g#####..
##.#.###..#.#$.........
#.#.###..##.##.#####.#
#....).........#
########.###.### #.#
#.# #.# #.# #.# #g# ...
#@# #.. #.# #.# .. .(#
... #### ... ##.


You could see a gnoll.

Vanquished Creatures
  2 adders
  2 gnolls (D:3)
  A ribbon worm (D:2)
  2 dart slugs
  2 orcs (D:3)
  2 endoplasms (D:1)
  3 giant cockroaches
  6 goblins
  6 hobgoblins
  3 quokkas
  10 ball pythons
  4 bats
  2 frilled lizards
  4 kobolds
  16 rats
65 creatures vanquished.

Notes
Turn   | Place    | Note
-------+----------+-------------------------------------------
     0 | D:1      | bronco the Spriggan Artificer began the quest for the Orb.
     0 | D:1      | Reached XP level 1. HP: 9/9 MP: 2/2
   174 | D:1      | Reached XP level 2. HP: 11/14 MP: 3/3
   753 | D:1      | Reached skill level 1 in Ranged Weapons
   787 | D:1      | Reached XP level 3. HP: 17/17 MP: 4/4
  1104 | D:2      | Found a faded altar of an unknown god.
  1134 | D:2      | Found Mututhirgh's Assorted Antiques.
  1318 | D:2      | Found Zoog's Armour Shoppe.
  1402 | D:2      | Found Offeetogg's Distillery.
  1517 | D:2      | Found Exkaeto's Weapon Boutique.
  1646 | D:3      | Reached XP level 4. HP: 21/21 MP: 5/5
  1685 | D:3      | Found a hide-covered altar of Uskayaw.
  1875 | D:3      | Reached skill level 1 in Fighting
  2067 | D:3      | Slain by a gnoll

Illustrated notes

Levels and vault maps discovered:
D:1:      ldierk_walled_garden, layout_loops_cross,
          chequers_serial_rivers_large_b, minmay_rat_gold_closets
D:2:      layout_rooms, serial_shops, shop, nicolae_shop_rolling_square,
          nicolae_shop_crystal, nicolae_shop_bloodbath_and_beyond,
          shapermc_ecumenical_altar_mp_vishouse
D:3:      layout_loops_ring, eat_drink_and_be_merry_uskayaw, chequers_arboretum,
          nicolae_grassy_gnolls

Skill      XL: |  1  2  3  4 |
---------------+-------------+-----
Stealth        | 3 |  3.5
Ranged Weapons | 1 2 |  2.8
Fighting       | 1 |  1.6
Dodging        | |  3.7
Evocations     | |  4.0

Action                     |  1- 3 |  4- 6 || total
---------------------------+-------+-------++-------
  Melee: Club              |    57 |       ||    57
   Fire: Sling             |   101 |    43 ||   144
  Evoke: Wand              |    12 |     1 ||    13
    Use: Scroll            |     3 |       ||     3
   Stab: Sleeping          |    10 |       ||    10
 Armour: Robe              |    42 |     8 ||    50
  Dodge: Dodged            |    69 |    18 ||    87

Table legend: (Time is in decaauts)
 A = Elapsed time spent in this place.
 B = Non-inter-level travel time spent in this place.
 C = Inter-level travel time spent in this place.
 D = Time resting spent in this place.
 E = Time spent auto-exploring this place.
 F = Levels seen in this place.
 G = Mean time per level.
                   A        B        C        D        E       F      G
               +--------+--------+--------+--------+--------+-----+--------+
         Total |   1539 |   1478 |     61 |     56 |   1007 |   3 |  513.0 |
       Dungeon |   1539 |   1478 |     61 |     56 |   1007 |   3 |  513.0 |
               +--------+--------+--------+--------+--------+-----+--------+

Top non-repeatable levels by time:
     D:1: 788 daAuts
     D:2: 399 daAuts
     D:3: 350 daAuts
